 Dungeon Crawl Stone Soup version 0.29.1 (webtiles) character file.

Game seed: 5353342046659285289

226 ragingrage the Poker (level 5, -5/35 HPs)
             Began as a Demonspawn Wanderer on Sept 14, 2022.
             Was a Follower of Kikubaaqudgha.
             Constricted to death by Ijyb (6 damage)
             ... on level 3 of the Dungeon.
             The game lasted 00:04:25 (3339 turns).

ragingrage the Poker (Demonspawn Wanderer)          Turns: 3339, Time: 00:04:25

Health: -5/35      AC:  5    Str: 14    XL:     5   Next: 69%
Magic:  5/5        EV:  9    Int: 10    God:    Kikubaaqudgha [*.....]
Gold:   122        SH:  7    Dex: 16    Spells: 0/4 levels left

rFire   . . .      SeeInvis .   a - +0 demon trident (venom)
rCold   . . .      Faith    .   k - +0 buckler
rNeg    . . .      Spirit   .   e - +0 leather armour
rPois   .          Reflect  .   (no helmet)
rElec   .          Harm     .   g - +0 cloak
rCorr   .          Rampage  .   c - +0 pair of gloves
Will    .....                   (no boots)
Stlth   ++........              (no amulet)
HPRegen 0.11/turn               x - ring of flight
MPRegen 0.09/turn               (no ring)

@: grasped by roots, flying, constricted
A: large bone plates 1, powered by death 1
a: Renounce Religion, Unearth Wretches


You were on level 3 of the Dungeon.
You worshipped Kikubaaqudgha.
Kikubaaqudgha was aware of your devotion.
You visited 1 branch of the dungeon, and saw 4 of its levels.

You collected 122 gold pieces.

Inventory:

Hand Weapons
 a - a +0 demon trident of venom (weapon)
 b - a +0 sling of electrocution
Missiles
 j - 3 javelins
 q - 6 boomerangs
 u - 8 poisoned darts (quivered)
Armour
 c - a +0 pair of gloves (worn)
 e - a +0 leather armour (worn)
 g - a +0 cloak (worn)
 k - a +0 buckler (worn)
Jewellery
 x - a ring of flight (left hand)
Scrolls
 f - a scroll of brand weapon
 l - a scroll of magic mapping
 m - a scroll of teleportation
 p - 4 scrolls of identify {unknown}
 s - 2 scrolls of noise {unknown}
 t - a scroll of amnesia {unknown}
 v - a scroll of enchant weapon {unknown}
 y - a scroll of immolation {unknown}
Potions
 d - a potion of attraction
 h - a potion of heal wounds {unknown}
 i - 3 potions of curing {unknown}
 n - a potion of might {unknown}
 o - a potion of cancellation {unknown}
 r - a potion of lignification {unknown}
 w - a potion of mutation {unknown}


   Skills:
 - Level 2.4 Maces & Flails
 * Level 3.9 Polearms
 - Level 1.8 Ranged Weapons
 - Level 1.1 Armour
 - Level 2.8 Dodging
 - Level 1.1 Stealth
 + Level 2.2 Necromancy
 - Level 1.1 Evocations


You couldn't memorise any spells.
You knew the following spells:

 Your Spells              Type           Power      Damage    Failure   Level
a - Animate Dead          Necr           4%         N/A       95%         4

Your spell library contained the following spells:

 Spells                   Type           Power      Damage    Failure   Level
 Necrotise                Necr           16%        1d4       26%         1
 Vampiric Draining        Necr           4%         2d6       61%         3
 Static Discharge         Conj/Air       0%         3-3/arc   69%         2
 Anguish                  Hex/Necr       1%         N/A       99%         4
 Fulminant Prism          Conj/Hex       0%         3d6       100%        4
 Iskenderun's Mystic Bla  Conj/Tloc      0%         2d3       100%        4
 Lee's Rapid Deconstruct  Erth           0%         3d5*      100%        5
 Lightning Bolt           Conj/Air       0%         1d11      100%        5
 Maxwell's Capacitive Co  Air            0%         ∞         100%        8


Dungeon Overview and Level Annotations

Branches:
Dungeon (4/15)
 Temple: D:4-7

Altars:
Gozag
Kikubaaqudgha
Yredelemnul

Shops:
D:3 (?   D:4 :

Annotations:
D:3 Ijyb
D:4 Pikel


Innate Abilities, Weirdness & Mutations

You are partially covered in large bone plates. (SH +4)
You regenerate a little health from kills.


Message History

You fly upwards.
Level annotation: Ijyb
There is a stone staircase leading down here.
Unknown command.
This spell is astonishingly dangerous to cast!
Memorise Animate Dead, consuming 4 spell levels and leaving 0?
You start memorising the spell.
You continue memorising. x4
You finish memorising.
Spell assigned to 'a'.
You see here a +0 robe.
You see here a quokka skeleton.
Ijyb is nearby!
Ijyb is nearby!
Ijyb drinks a potion.
Ijyb suddenly seems more resistant.
You reach to attack!
You closely miss Ijyb. You closely miss Ijyb. Ijyb closely misses you.
Ijyb hits you with a +0 dagger.
You barely miss Ijyb. Ijyb barely misses you.
You closely miss Ijyb.
Ijyb zaps a wand.
The roots erupt in riotous growth!
The grasping roots grab you!
Ijyb is unaffected.
The grasping roots constrict you!
You hear an angry hiss.
You hit Ijyb but do no damage.
Ijyb is poisoned.
Ijyb hits you with a +0 dagger. The grasping roots constrict you.
You barely miss Ijyb.
Ijyb is lightly wounded.
Ijyb hits you with a +0 dagger. The grasping roots constrict you.
The grasping roots release their grip on you.
You hit Ijyb but do no damage.
Ijyb is lightly wounded.
A frilled lizard comes into view.
Ijyb zaps a wand.
The roots erupt in riotous growth!
The grasping roots grab you!
Ijyb is unaffected.
The grasping roots constrict you.
* * * LOW HITPOINT WARNING * * *
You puncture Ijyb!
Ijyb is moderately wounded.
Ijyb hits you with a +0 dagger.
* * * LOW HITPOINT WARNING * * *
The grasping roots constrict you.
You die...
Kikubaaqudgha rasps: "You have failed me!
Welcome... death!"

l. # ####.### ###### .##
#...... .....# ...#.....
...# ####.# #.#.... ..#.#
..##.# ......##!... #.##.##
#g.#..#.)# ......#
#.@##.#..# #####.#
#........# #.# #....!...#
#.# ####.÷.### #.##### #..>#
#.....# #...#
##.###.########..)######.
..##....#.##................
....................).......


You could see Ijyb (resistant, poisoned) and a frilled lizard.

Vanquished Creatures
  2 hounds (D:4)
  An iguana (D:3)
  6 adders
  An ufetubus (D:4)
  A dart slug (D:1)
  3 orcs (D:4)
  7 endoplasms
  4 giant cockroaches
  8 goblins
  7 hobgoblins
  6 quokkas
  7 ball pythons
  7 bats
  5 frilled lizards
  3 kobolds
  4 rats
72 creatures vanquished.

Vanquished Creatures (others)
  A plant (D:2)
1 creature vanquished.

Grand Total: 73 creatures vanquished

Notes
Turn   | Place    | Note
-------+----------+-------------------------------------------
     0 | D:1      | ragingrage the Demonspawn Wanderer began the quest for the
                  | Orb.
     0 | D:1      | ragingrage set off with the following items: a +2 mace, a
                  | +0 sling, a +0 pair of gloves, a potion of attraction, a +0
                  | leather armour.
     0 | D:1      | Reached XP level 1. HP: 13/13 MP: 1/1
   399 | D:1      | Gained mutation: You are partially covered in large bone
                  | plates. (SH +4) [demonic ancestry]
   399 | D:1      | Reached XP level 2. HP: 19/19 MP: 2/2
  1138 | D:2      | Reached skill level 1 in Polearms
  1138 | D:2      | Reached XP level 3. HP: 9/24 MP: 3/3
  1711 | D:2      | Reached skill level 2 in Polearms
  1835 | D:2      | Found an opulent altar of Gozag.
  2154 | D:1      | Found a faded altar of an unknown god.
  2185 | D:1      | Prayed at the altar of an unknown god.
  2185 | D:1      | Became a worshipper of Kikubaaqudgha
  2185 | D:1      | Reached * piety under Kikubaaqudgha
  2185 | D:1      | Received a gift from Kikubaaqudgha
  2205 | D:1      | Gained mutation: You regenerate a little health from kills.
                  | [demonic ancestry]
  2205 | D:1      | Reached XP level 4. HP: 30/30 MP: 4/4
  2254 | D:3      | Found Ebroborulu's Magic Scroll Emporium.
  2289 | D:3      | Found an ancient bone altar of Kikubaaqudgha.
  2402 | D:3      | Reached skill level 3 in Polearms
  2402 | D:3      | Reached skill level 1 in Necromancy
  2468 | D:3      | Found Cicriohi's Antique Weapon Shoppe.
  2525 | D:3      | Noticed Ijyb
  2729 | D:4      | Reached XP level 5. HP: 35/35 MP: 5/5
  3123 | D:4      | Found Illydoon's Book Shoppe.
  3284 | D:4      | Found a basalt altar of Yredelemnul.
  3284 | D:4      | Noticed Pikel
  3284 | D:4      | Noticed a lemure
  3306 | D:3      | Learned a level 4 spell: Animate Dead
  3339 | D:3      | HP: 1/35 [Ijyb/+0 dagger (5)]
  3339 | D:3      | Constricted to death by Ijyb

Illustrated notes

Levels and vault maps discovered:
D:1:      roderic_dead_forest, layout_rooms,
          hellmonk_ecumenical_altar_inner_sanctum
D:2:      layout_loops_cross, basic_altar, serial_bayou_ford_a,
          hangedman_decor_points
D:3:      layout_loops_cross, mainiacjoe_overflow_cross_hatched,
          mainiacjoe_overflow_small_starburst, serial_shops, shop_scrolls, shop,
          kennysheep_potato, uniq_ijyb
D:4:      layout_layer_cave, minitemple, serial_shops, shop,
          minmay_goblin_kobold_house, uniq_pikel

Skill      XL: |  1  2  3  4  5 |
---------------+----------------+-----
Maces & Flails | 2 |  2.4
Polearms       | 1 2 3 |  3.9
Necromancy     | 1 2 |  2.2
Ranged Weapons | |  1.8
Armour         | |  1.1
Dodging        | |  2.8
Stealth        | |  1.1
Evocations     | |  1.1

Action                   |  1- 3 |  4- 6 || total
-------------------------+-------+-------++-------
Melee: Mace              |    49 |       ||    49
       Demon trident     |    80 |    71 ||   151
       Punch             |     1 |       ||     1
 Fire: Sling             |     5 |       ||     5
Throw: Dart              |       |     3 ||     3
  Use: Scroll            |     3 |       ||     3
 Stab: Sleeping          |     8 |     5 ||    13
Armor: Leather armour    |    45 |    12 ||    57
Dodge: Dodged            |   100 |    21 ||   121
Block: Other             |    14 |       ||    14
       Buckler           |     7 |    21 ||    28
